 Dungeon Crawl Stone Soup version 0.28-a0-1594-ga885d4b3d6 (webtiles) character file.

Game seed: 5327135937980955560

2680 Pin the Cleaver (level 9, 0/82 HPs)
             Began as a Hill Orc Fighter on Jan 20, 2022.
             Was a Priest of Beogh.
             Slain by a hornet (4 damage)
             ... on level 6 of the Dungeon.
             The game lasted 00:17:23 (7372 turns).

Pin the Cleaver (Hill Orc Fighter)                  Turns: 7372, Time: 00:17:23

Health: 0/82       AC: 17    Str: 23    XL:     9   Next: 64%
Magic:  11/11      EV:  8    Int:  8    God:    Beogh [***...]
Gold:   387        SH:  6    Dex: 13    Spells: 8/8 levels left

rFire   . . .      SeeInvis .   a - +0 war axe
rCold   . . .      Faith    .   c - +0 buckler
rNeg    . . .      Spirit   .   h - +0 chain mail
rPois   .          Reflect  .   w - +1 helmet
rElec   .          Harm     .   n - +0 cloak
rCorr   +          Rampage  .   p - +0 pair of gloves {Dex+3}
Will    .....                   o - +0 pair of boots
Stlth   ..........              (no amulet)
HPRegen 0.23/turn               i - ring of resist corrosion
MPRegen 0.12/turn               (no ring)

@: lethally poisoned (0 -> -11), slowed, very slow
A: no striking features
a: Renounce Religion, Smiting


You were on level 6 of the Dungeon.
You worshipped Beogh.
Beogh was most pleased with you.
You visited 1 branch of the dungeon, and saw 6 of its levels.

You collected 387 gold pieces.

Inventory:

Hand Weapons
 a - a +0 war axe (weapon)
Missiles
 x - a throwing net (quivered)
Armour
 c - a +0 buckler (worn)
 h - a +0 chain mail (worn)
 n - a +0 cloak (worn)
 o - a +0 pair of boots (worn)
 p - a +0 pair of gloves of dexterity (worn)
 w - a +1 helmet (worn)
Jewellery
 i - a ring of resist corrosion (left hand)
Wands
 m - a wand of flame (18)
 r - a wand of charming (2)
 u - a wand of polymorph (7)
 y - a wand of iceblast (11)
Scrolls
 b - a scroll of enchant armour {unknown}
 g - 4 scrolls of blinking
 k - 4 scrolls of identify
 l - a scroll of fog
 s - a scroll of noise {unknown}
 v - a scroll of vulnerability {unknown}
Potions
 d - 3 potions of might
 e - a potion of attraction {unknown}
 f - a potion of heal wounds {unknown}
 j - a potion of cancellation {unknown}
 q - a potion of berserk rage
 t - 2 potions of curing {unknown}
 z - a potion of lignification {unknown}


   Skills:
 + Level 8.3 Fighting
 + Level 8.5 Axes
 + Level 7.6 Armour
 + Level 7.6 Shields
 + Level 3.7 Invocations


You had 8 spell levels left.
You didn't know any spells.
Your spell library contained the following spells:

 Spells                   Type           Power      Damage    Failure   Level
 Animate Skeleton         Necr           0%         N/A       98%         1
 Pain                     Necr           0%         1d4       98%         1
 Corpse Rot               Necr/Air       0%         N/A       99%         2
 Ensorcelled Hibernation  Hex/Ice        0%         N/A       99%         2
 Passwall                 Tmut/Erth      0%         N/A       99%         2
 Poisonous Vapours        Pois/Air       0%         N/A       99%         2
 Gell's Gravitas          Tloc           0%         N/A       100%        3
 Lesser Beckoning         Tloc           0%         N/A       100%        3
 Swiftness                Air            0%         N/A       100%        3
 Teleport Other           Tloc           0%         N/A       100%        3
 Vampiric Draining        Necr           0%         2d6       100%        3


Dungeon Overview and Level Annotations

Branches:
Dungeon (6/15)             Temple (0/1) D:5

Altars:
Ru
Sif Muna

Shops:
D:1 =*:   D:5 :


Message History

You suddenly lose the ability to move!
You can move again.
You slash the hornet!
The hornet is heavily wounded.
You feel sick. The hornet stings you.
You are more poisoned.
You feel as though you will be slow longer.
The hornet stings you but does no damage.
You barely miss the hornet.
The hornet is heavily wounded.
You feel very sick. The hornet stings you!
You are more poisoned.
You feel as though you will be slow longer.
The hornet barely misses you. You block the hornet's attack.
You closely miss the hornet.
The hornet is heavily wounded.
You feel extremely sick. You block the hornet's attack.
The hornet stings you but does no damage.
The hornet stings you.
You suddenly lose the ability to move!
You feel very sick.
The hornet stings you but does no damage.
You can move again.
You closely miss the hornet.
The hornet is heavily wounded.
You feel very sick. You block the hornet's attack. The hornet stings you!
* * * LOW HITPOINT WARNING * * *
You are lethally poisoned!
You feel as though you will be slow longer.
The hornet stings you.
* * * LOW HITPOINT WARNING * * *
You feel as though you will be slow longer.
You slash the hornet!
The hornet is almost dead.
* * * LOW HITPOINT WARNING * * *
You feel very sick. The hornet stings you.
You die...

####### #.....# .....#
...$# ##########
...######........#
......##.######.#
#######y##..##.# #.#
#.....)@##..##.# #.#
#.########..##.# #.##
#.# #..##.# #...
#########.### ###..##.#
##..
#...........####....##.#
#.#
#.######.........#.....#
#.# #....####.#######
#.# #.## #.###.###.#
##.# ...# #.#
#.....############...


You could see a hornet.

Vanquished Creatures
  Pikel (D:4)
  A wyvern (D:4)
  Sigmund (D:4)
  A wraith (D:6)
  2 sky beasts
  2 necrophages (D:6)
  A centaur (D:6)
  A kobold brigand (D:5)
  6 scorpions
  A wyvern skeleton (D:6)
  A water moccasin skeleton (D:4)
  2 howler monkeys (D:5)
  A bullfrog zombie (D:5)
  4 hounds
  A jelly (D:5)
  A bullfrog skeleton (D:5)
  A centaur skeleton (D:6)
  Ijyb (D:4)
  4 iguanas
  An orc wizard (D:5)
  A howler monkey zombie (D:5)
  10 gnolls
  8 adders
  A white imp (D:4)
  3 ufetubi
  An adder zombie (D:5)
  An adder skeleton (D:4)
  6 dart slugs
  15 orcs
  5 ball pythons
  A bat (D:3)
  6 endoplasms
  3 giant cockroaches
  9 goblins
  14 hobgoblins
  4 jackals (D:4)
  3 quokkas
  4 frilled lizards
  17 kobolds
  4 rats
150 creatures vanquished.

Vanquished Creatures (others)
  2 orcs (D:2)
  3 plants (D:4)
5 creatures vanquished.

Grand Total: 155 creatures vanquished

Notes
Turn   | Place    | Note
-------+----------+-------------------------------------------
     0 | D:1      | Pin the Hill Orc Fighter began the quest for the Orb.
     0 | D:1      | Reached XP level 1. HP: 19/19 MP: 1/1
    51 | D:1      | Found Jimym's Book Shoppe.
   344 | D:1      | Reached XP level 2. HP: 27/27 MP: 2/2
   366 | D:1      | Found Liassur's Jewellery Shoppe.
   466 | D:1      | Found Zoatroen's Assorted Antiques.
   591 | D:1      | Reached XP level 3. HP: 33/33 MP: 3/3
  1318 | D:2      | Reached XP level 4. HP: 26/40 MP: 4/4
  1692 | D:2      | Became a worshipper of Beogh the Brigand
  2102 | D:3      | Found a sacrificial altar of Ru.
  2114 | D:3      | Reached XP level 5. HP: 47/47 MP: 5/5
  2673 | D:3      | Reached * piety under Beogh
  3032 | D:3      | Identified the +6 long sword "Hydraslayer" {flame, rF+ rC+
                  | Will++}
  3228 | D:4      | Reached skill level 5 in Fighting
  3228 | D:4      | Reached XP level 6. HP: 19/56 MP: 6/6
  3719 | D:4      | Reached skill level 5 in Axes
  4146 | D:4      | Noticed Ijyb
  4174 | D:4      | Killed Ijyb
  4175 | D:4      | Reached skill level 5 in Shields
  4360 | D:4      | Noticed a wyvern
  4372 | D:4      | Killed a wyvern
  4373 | D:4      | Reached skill level 5 in Armour
  4373 | D:4      | Reached XP level 7. HP: 18/62 MP: 7/7
  4957 | D:4      | Noticed Sigmund
  4967 | D:4      | Killed Sigmund
  5063 | D:5      | Entered Level 5 of the Dungeon
  5063 | D:5      | Noticed Pikel
  5129 | D:4      | Killed Pikel
  5129 | D:4      | Reached ** piety under Beogh
  5130 | D:4      | Reached XP level 8. HP: 22/71 MP: 8/8
  5734 | D:5      | Reached skill level 1 in Invocations
  5734 | D:5      | Reached XP level 9. HP: 68/79 MP: 9/9
  5923 | D:5      | Found Kinofer's Book Shop.
  6084 | D:5      | Found a staircase to the Ecumenical Temple.
  6252 | D:5      | Found a shimmering blue altar of Sif Muna.
  6894 | D:6      | Reached *** piety under Beogh
  7357 | D:6      | Noticed a hornet
  7366 | D:6      | Paralysed by a hornet for 1 turns
  7369 | D:6      | Paralysed by a hornet for 2 turns
  7372 | D:6      | HP: 4/82 [poisoned by a hornet]
  7372 | D:6      | Slain by a hornet

Illustrated notes

Levels and vault maps discovered:
D:1:      dpeg_arrival_rooms_b, layout_basic, serial_shops,
          nicolae_shop_behind_doors, nicolae_shop_crystal,
          nicolae_shop_advertising_works [nicolae_subvault_shop_adworks],
          corexii_item_surrounded_by_moat, serial_bayou_pond_d
D:2:      layout_basic
D:3:      layout_basic, lemuel_doored_altar, minivault_5
D:4:      corexii_shantytown, layout_rooms, uniq_sigmund, uniq_ijyb
D:5:      minmay_spotlight, layout_rooms, led_sif_pool,
          minmay_temple_entry_fiery, serial_shops,
          nicolae_shop_temple_entry_statues_fountains, uniq_pikel
D:6:      layout_loops_ring

Skill      XL: |  1  2  3  4  5  6  7  8  9 |
---------------+----------------------------+-----
Axes           | 3 4 5 7 8 |  8.5
Fighting       | 4 5 6 7 8 |  8.3
Armour         | 4 5 6 7 |  7.6
Shields        | 4 5 6 7 |  7.6
Invocations    | 1 3 |  3.7

Action                   |  1- 3 |  4- 6 |  7- 9 || total
-------------------------+-------+-------+-------++-------
Melee: War axe           |    56 |   156 |   270 ||   482
Invok: Convert to Beogh  |       |     1 |       ||     1
Evoke: Wand              |       |       |     1 ||     1
  Use: Scroll            |       |     4 |     2 ||     6
       Potion            |       |       |     1 ||     1
 Stab: Distracted        |       |     1 |       ||     1
Armor: Scale mail        |    22 |    48 |       ||    70
       Chain mail        |       |       |   161 ||   161
Dodge: Dodged            |    25 |    70 |    97 ||   192
Block: Buckler           |    14 |    28 |    66 ||   108

Table legend: (Time is in decaauts)
 A = Elapsed time spent in this place.
 B = Non-inter-level travel time spent in this place.
 C = Inter-level travel time spent in this place.
 D = Time resting spent in this place.
 E = Time spent auto-exploring this place.
 F = Levels seen in this place.
 G = Mean time per level.
                   A        B        C        D        E       F      G
               +--------+--------+--------+--------+--------+-----+--------+
         Total |   7521 |   7381 |    140 |   1857 |   4169 |   6 | 1253.5 |
       Dungeon |   7521 |   7381 |    140 |   1857 |   4169 |   6 | 1253.5 |
               +--------+--------+--------+--------+--------+-----+--------+

Top non-repeatable levels by time:
     D:4: 2520 daAuts
     D:3: 1190 daAuts
     D:2: 1055 daAuts
     D:6: 972 daAuts
     D:5: 898 daAuts
     D:1: 884 daAuts
